Map: Beckett Industries LE

Players

HellraiseR

  • Race: Protoss Protoss
  • League: Grandmaster

LiquidMaNa (MaNa) - Winner!

  • Race: Protoss Protoss
  • League: Grandmaster

Event: DreamHack SC2 Masters 2021 Summer

VOD

Have the link to the VOD?

Description

Time

  • Played on: May 22, 2021, 10:58 a.m.
  • Length: 15:39

All games in this series

Show
View Real Time Build Order
Export as new Build Order

HellraiseR Protoss 

Build Orders:  

Get SALT Encoding   

  12  0:00  Probe  
  13  0:12  Probe  
  14  0:17  Pylon  
  14  0:24  Probe (Chrono Boost)  
  15  0:36  Probe (Chrono Boost)  
  15  0:37  Gateway  
  16  0:44  Probe (Chrono Boost)  
  16  0:46  Assimilator  
  17  0:50  Probe  
  17  0:55  Assimilator  
  18  1:03  Probe (Chrono Boost)  
  19  1:13  Probe (Chrono Boost)  
  19  1:14  Gateway  
  20  1:19  Probe  
  21  1:25  Cybernetics Core  
  21  1:31  Probe  
  22  1:37  Pylon  
  22  1:43  Probe  
  23  1:55  Probe  
  23  2:01  Warp Gate (Chrono Boost)  
  24  2:02  Stalker x2  
  28  2:16  Probe, Pylon  
  29  2:32  Stalker  
  29  2:34  Stalker  
  33  2:39  Robotics Facility  
  33  2:50  Gateway  
  33  3:02  Stalker  
  33  3:05  Stalker  
  37  3:12  Pylon  
  37  3:24  Warp Prism (Chrono Boost)  
  39  3:43  Stalker x2  
  43  3:50  Stalker  
  45  3:59  Pylon  
  45  4:14  Stalker  
  47  4:18  Stalker  
  47  4:20  Stalker  
  51  4:27  Observer  
  52  4:45  Sentry  
  52  4:50  Nexus  
  54  4:57  Pylon  
  54  5:07  Probe  
  52  5:19  Probe  
  52  5:22  Immortal (Chrono Boost)  
  56  5:38  Probe  
  57  5:47  Twilight Council  
  57  5:50  Probe  
  57  5:56  Adept x2  
  62  5:59  Observer  
  62  6:03  Probe (Chrono Boost)  
  65  6:08  Probe (Chrono Boost)  
  65  6:13  Probe (Chrono Boost)  
  65  6:16  Probe (Chrono Boost)  
  65  6:18  Probe (Chrono Boost)  
  67  6:24  Blink  
  68  6:30  Probe (Chrono Boost)  
  70  6:32  Probe (Chrono Boost)  
  70  6:36  Sentry, Forge  
  70  6:39  Probe x2 (Chrono Boost)  
  74  6:50  Probe, Pylon  
  74  6:51  Probe  
  76  7:02  Probe (Chrono Boost), Protoss Ground Weapons Level 1 (Chrono Boost)  
  78  7:11  Probe (Chrono Boost)  
  78  7:12  Gateway, Assimilator  
  78  7:14  Probe (Chrono Boost)  
  79  7:18  Stalker, Sentry  
  79  7:19  Probe (Chrono Boost)  
  79  7:20  Probe (Chrono Boost)  
  79  7:21  Pylon  
  85  7:36  Observer  
  85  7:39  Probe x2  
  87  7:48  Stalker  
  87  7:49  Stalker x2  
  87  7:51  Nexus  
  93  7:54  Pylon  
  93  8:02  Probe  
  94  8:14  Stalker x2  
  94  8:15  Stalker x2  
  102  8:32  Pylon  
  102  8:36  Charge  
  102  8:40  Dark Shrine  
  102  8:48  Probe x2  
  86  9:00  Probe x2, Stalker x4  
  92  9:03  Probe  
  87  9:12  Probe x2  
  87  9:15  Probe  
  74  9:19  Protoss Ground Weapons Level 2 (Chrono Boost)  
  74  9:22  Immortal (Chrono Boost)  
  64  9:30  Stalker  
  64  9:31  Stalker  
  72  9:32  Shield Battery  
  72  9:35  Gateway  
  72  9:41  Zealot x2  
  72  9:43  Gateway  
  72  9:44  Gateway  
  76  9:49  Warp Prism (Chrono Boost)  
  76  9:54  Zealot, Sentry  
  76  9:58  Assimilator  
  82  10:02  Pylon  
  82  10:06  Stalker x2  
  86  10:14  Photon Cannon  
  86  10:24  Zealot x2  
  86  10:27  Probe x2  
  92  10:41  Nexus  
  92  10:42  Pylon  
  92  10:49  Zealot x7  
  106  10:58  Immortal  
  108  11:09  Probe  
  89  11:11  Zealot x6  
  89  11:16  Probe  
  94  11:22  Probe  
  94  11:25  Dark Templar  
  95  11:43  Stalker x6  
  95  11:46  Protoss Ground Weapons Level 3 (Chrono Boost)  
  105  11:52  Observer  
  105  11:53  Photon Cannon  
  105  11:54  Probe (Chrono Boost)  
  107  11:56  Probe x3 (Chrono Boost)  
  110  12:02  Stalker  
  110  12:06  Probe (Chrono Boost)  
  115  12:10  Probe x2 (Chrono Boost)  
  115  12:11  Probe (Chrono Boost)  
  115  12:13  Probe (Chrono Boost)  
  115  12:15  Probe x3 (Chrono Boost)  
  117  12:20  Probe  
  121  12:23  Probe  
  121  12:24  Probe  
  121  12:25  Probe  
  112  12:32  Probe  
  112  12:35  Probe  
  112  12:36  Probe  
  112  12:37  Probe, Zealot x7  
  111  12:41  Immortal (Chrono Boost)  
  128  12:44  Probe  
  128  12:47  Probe  
  115  12:57  Stalker  
  115  12:58  Stalker x5  
  127  12:59  Stalker  
  103  13:35  Stalker x6  
  103  13:36  Stalker  
  103  13:37  Immortal (Chrono Boost)  
  111  13:43  Gateway  
  111  13:46  Gateway  
  111  13:47  Probe  
  111  13:48  Gateway  
  105  13:49  Shield Battery  
  105  13:50  Shield Battery  
  105  13:55  Shield Battery  
  105  13:57  Photon Cannon  
  105  14:01  Stalker x4  
  105  14:02  Stalker x3, Robotics Bay  
  117  14:11  Photon Cannon  
  117  14:12  Nexus  
  117  14:13  Pylon  
  112  14:29  Stalker x2  
  112  14:30  Stalker x5  
  124  14:34  Warp Prism (Chrono Boost)  
  101  14:46  Nexus  
  85  14:53  Stalker x2  
  85  14:54  Stalker x3  
  85  14:57  Zealot x5  
  105  15:02  Probe  
  105  15:03  Probe  
  107  15:08  Observer (Chrono Boost)  
  107  15:12  Probe  
  109  15:16  Nexus  
  109  15:19  Probe x2  
  111  15:27  Nexus  
Show
View Real Time Build Order
Export as new Build Order

LiquidMaNa Protoss - Winner!

Build Orders: Phoenix Opening 

Get SALT Encoding   

  12  0:00  Probe  
  13  0:12  Probe  
  14  0:17  Pylon  
  14  0:24  Probe (Chrono Boost)  
  15  0:36  Probe (Chrono Boost), Gateway  
  16  0:44  Probe (Chrono Boost)  
  16  0:45  Assimilator  
  17  0:51  Probe  
  18  1:03  Probe (Chrono Boost)  
  19  1:04  Assimilator  
  19  1:11  Gateway  
  19  1:13  Probe (Chrono Boost)  
  19  1:18  Probe (Chrono Boost)  
  20  1:25  Cybernetics Core  
  21  1:29  Probe  
  22  1:35  Pylon  
  22  1:41  Probe  
  23  1:53  Probe  
  24  2:00  Warp Gate (Chrono Boost)  
  18  2:01  Stalker x2  
  24  2:05  Probe  
  29  2:15  Pylon  
  29  2:29  Pylon  
  29  2:34  Sentry  
  29  2:35  Sentry  
  33  2:46  Nexus  
  33  2:53  Probe  
  33  2:55  Shield Battery  
  34  3:01  Sentry  
  36  3:07  Probe  
  36  3:08  Pylon  
  37  3:18  Phoenix  
  37  3:19  Probe  
  38  3:31  Probe  
  37  3:40  Stalker x2  
  41  3:43  Probe  
  41  3:46  Robotics Facility  
  42  3:55  Probe  
  43  4:06  Stalker x2  
  47  4:15  Shield Battery  
  47  4:20  Pylon  
  47  4:30  Adept x2  
  51  4:35  Pylon  
  51  4:44  Pylon  
  51  4:50  Immortal (Chrono Boost)  
  55  5:19  Warp Prism (Chrono Boost)  
  53  5:26  Nexus  
  53  5:32  Probe  
  53  5:33  Pylon  
  54  5:43  Forge  
  54  5:45  Probe  
  54  5:48  Observer  
  56  5:57  Probe (Chrono Boost)  
  56  6:00  Observer  
  56  6:03  Twilight Council  
  57  6:08  Shield Battery  
  57  6:09  Probe (Chrono Boost)  
  58  6:14  Probe (Chrono Boost), Protoss Ground Weapons Level 1 (Chrono Boost)  
  59  6:21  Observer  
  59  6:23  Probe  
  60  6:26  Observer  
  60  6:33  Immortal  
  60  6:35  Probe  
  65  6:41  Blink (Chrono Boost)  
  65  6:45  Probe  
  66  6:49  Probe  
  67  6:58  Gateway  
  67  7:02  Probe, Gateway  
  67  7:03  Probe  
  69  7:11  Assimilator  
  69  7:12  Stalker  
  69  7:14  Stalker  
  73  7:18  Probe  
  74  7:27  Pylon  
  74  7:35  Nexus  
  74  7:41  Probe x2  
  76  7:47  Shield Battery  
  76  7:50  Stalker x2  
  81  7:58  Probe x2  
  81  8:05  Protoss Ground Weapons Level 2 (Chrono Boost)  
  82  8:10  Probe x2  
  84  8:17  Robotics Bay  
  84  8:21  Observer  
  84  8:24  Pylon  
  84  8:25  Probe x2  
  84  8:26  Immortal (Chrono Boost)  
  90  8:40  Pylon  
  90  8:45  Stalker x3  
  94  8:54  Stalker  
  92  9:00  Shield Battery x2  
  86  9:03  Shield Battery  
  86  9:08  Observer  
  82  9:13  Zealot x3  
  82  9:14  Probe  
  73  9:25  Disruptor (Chrono Boost)  
  73  9:27  Probe x3  
  73  9:28  Observer  
  79  9:33  Sentry  
  79  9:36  Adept x2  
  79  9:37  Stalker  
  87  9:40  Probe  
  84  9:48  Gateway x2  
  84  9:52  Probe x2, Pylon  
  86  9:53  Observer  
  86  9:57  Pylon  
  86  9:58  Warp Prism (Chrono Boost)  
  88  10:09  Photon Cannon  
  88  10:11  Photon Cannon  
  88  10:18  Observer  
  88  10:23  Stalker x4  
  96  10:34  Nexus  
  95  10:49  Charge  
  95  10:52  Stalker x6  
  85  11:17  Disruptor  
  82  11:20  Stalker x6  
  82  11:23  Protoss Ground Weapons Level 3 (Chrono Boost)  
  88  11:45  Stalker x3  
  82  11:49  Zealot x3  
  82  11:53  Observer, Photon Cannon  
  89  11:59  Photon Cannon  
  89  12:01  Shield Battery  
  89  12:08  Assimilator  
  89  12:11  Gateway  
  89  12:13  Probe x4, Gateway  
  93  12:17  Zealot x5  
  93  12:19  Observer  
  103  12:25  Zealot  
  96  12:39  Stalker x3  
  96  12:40  Stalker x2  
  96  12:41  Probe  
  89  12:56  Observer (Chrono Boost)  
  86  13:02  Pylon  
  86  13:04  Zealot x6  
  98  13:13  Observer  
  98  13:19  Zealot x2  
  94  13:28  Zealot x5  
  100  13:34  Observer  
  100  13:38  Probe x4  
  103  13:47  Stalker x3  
  107  13:57  Observer, Pylon  
  107  14:02  Zealot x3  
  114  14:11  Observer  
  106  14:29  Zealot x8  
  119  14:38  Probe x4  
  102  14:57  Stalker x5  
  112  15:01  Observer  
  113  15:11  Stalker x3  
  113  15:16  Probe  
  113  15:17  Probe x2  
  113  15:18  Probe  
  107  15:32  Stalker x3  
Tags
 
Add a new tag
Caveats
  • Supply blocks, unpowered buildings, or Contaminate may cause inaccurate times.
  • Supply counts are checked every 10 seconds.